 Dungeon Crawl Stone Soup version 0.27-a0-988-g25969acef8 (webtiles) character file.

Game seed: 1095493280267282154

3509 Lugonue the Spear-Bearer (level 9, -3/67 HPs)
             Began as a Grey Draconian Brigand on Apr 15, 2021.
             Was a Priest of Trog.
             Slain by a two-headed ogre
             ... wielding a +0 dire flail
              (25 damage)
             ... on level 8 of the Dungeon.
             The game lasted 00:13:02 (7378 turns).

Lugonue the Spear-Bearer (Grey Draconian Brigand)   Turns: 7378, Time: 00:13:02

Health: -3/67      AC:  3    Str: 14    XL:     9   Next: 81%
Magic:  9/9        EV: 14    Int: 14    God:    Trog [***...]
Gold:   266        SH:  0    Dex: 13    Spells: 8/8 levels left

rFire    . . .     SeeInvis .   h - +0 spear (venom)
rCold    + . .     Faith    .   (no shield)
rNeg     . . .     Spirit   .   (armour unavailable)
rPois    +         Reflect  .   (helmet restricted)
rElec    .         Harm     .   b - +0 cloak
rCorr    .         Rampage  .   m - +0 pair of gloves
Will     ++...                  y - +0 pair of boots
Stlth    +++.......             o - amulet of the acrobat
HPRegen  1.21/turn              r - ring of poison resistance
MPRegen  0.11/turn              p - ring of protection from cold

@: marked, corroded, regenerating, hasted, very quick
A: AC +12, unfitting armour, unbreathing 2, cold-blooded
a: Renounce Religion, Berserk, Trog's Hand


You were on level 8 of the Dungeon.
You worshipped Trog.
Trog was most pleased with you.
You visited 1 branch of the dungeon, and saw 8 of its levels.

You collected 291 gold pieces.
You spent 25 gold pieces at shops.

Inventory:

Hand Weapons
 h - a +0 spear of venom (weapon)
Missiles
 c - 32 poisoned darts (quivered)
 d - 2 curare-tipped darts
 l - 2 throwing nets
Armour
 b - a +0 cloak (worn)
 m - a +0 pair of gloves (worn)
 y - a +0 pair of boots (worn)
Jewellery
 k - a ring of fire
 o - an amulet of the acrobat (around neck)
 p - a ring of protection from cold (right hand)
 r - a ring of poison resistance (left hand)
 x - the ring "Jympua" {rC- rCorr Int+8 Dex+4 Stlth-}
   (You found it on level 6 of the Dungeon)

   [ring of resist corrosion]

   It affects your intelligence (+8).
   It affects your dexterity (+4).
   It makes you vulnerable to cold.
   It protects you from acid and corrosion.
   It makes you less stealthy.
Wands
 v - a wand of flame (21)
 B - a wand of iceblast (7)
Scrolls
 e - 7 scrolls of identify
 i - 2 scrolls of immolation
 t - a scroll of fog
 D - a scroll of acquirement {unknown}
Potions
 f - 2 potions of flight
 g - 2 potions of mutation {unknown}
 j - 3 potions of ambrosia {unknown}
 n - a potion of might {unknown}
 s - 2 potions of attraction {unknown}
 u - 3 potions of curing {unknown}
 z - 2 potions of resistance {unknown}
 A - a potion of magic {unknown}


   Skills:
 - Level 2.2 Fighting
 - Level 2.3 Short Blades
 - Level 12.0 Polearms
 - Level 1.7 Throwing
 + Level 5.8 Dodging
 - Level 4.1 Stealth


You had 8 spell levels left.
You didn't know any spells.
Your spell library contained the following spells:

 Spells                   Type           Power      Damage    Failure   Level
 Summon Small Mammal      Summ           0%         N/A       28%         1
 Call Imp                 Summ           0%         N/A       41%         2
 Call Canine Familiar     Summ           0%         N/A       65%         3
 Summon Guardian Golem    Hex/Summ       0%         N/A       65%         3
 Summon Ice Beast         Ice/Summ       0%         N/A       96%         4
 Summon Lightning Spire   Summ/Air       0%         N/A       96%         4


Dungeon Overview and Level Annotations

Branches:
Dungeon (8/15)             Temple (0/1) D:7
   Lair: D:8-11

Altars:
Okawaru
Ru
Trog
Uskayaw

Shops:
D:4 (*

Annotations:
D:6 3 runed translucent doors, Alarkh's ghost, novice DsTm


Innate Abilities, Weirdness & Mutations

Your dull iron-grey scales are very hard. (AC +12)
You cannot fit into any form of body armour.
You can survive without breathing, even under water.
You are cold-blooded and may be slowed by cold attacks.


Message History

Your skin stops crawling.
You feel less strong-willed.
You barely miss the yak.
The yak is almost dead.
The jelly hits you but does no damage.
You hit the yak but do no damage.
The yak looks as sick as possible!
The yak is almost dead.
The yak barely misses you.
Unknown command.
You kill the yak!
Trog accepts your kill.
A wyvern comes into view.
You hit the jelly. The acid corrodes you!
Your hands burn!
The jelly is moderately wounded.
The jelly closely misses you.
You are too injured to fight recklessly!
You closely miss the wyvern.
Unknown command.
You hit the wyvern but do no damage. The wyvern completely misses you.
The jelly closely misses you.
You barely miss the wyvern.
You tail-slap the wyvern, but do no damage.
The wyvern bites you!
* * * LOW HITPOINT WARNING * * *
An orc warrior comes into view. It is wielding a +0 trident.
Unknown command.
Your skin crawls.
You feel strong-willed. The jelly closely misses you.
The wyvern bites you but does no damage.
Okay, then.
Unknown command.
Unknown command.
Okay, then.
Unknown command.
You feel much better. The wyvern closely misses you. The wyvern bites you!
An orc wizard comes into view. It is wielding a +0 dagger.
It was a potion of haste.
You feel yourself speed up. The wyvern bites you!
The two-headed ogre barely misses you.
The two-headed ogre hits you with a +0 giant spiked club!!
You die...

# #..# #. #####..# #.#
#......# #..##.####<# ##
#..#.# #.# ..## #.#.#
#.# #...## ##...# #.#
######..#####....####.##
?...o.o..l@OJ....).....#
####.####..#..####.##
#.# ##.##.## #.#
#.###.†##.# #.#
#.Y.#.##.)# #.#
###.#.##).# #.#
#.O..#..# #.# ###.....#
#.### ##.....### #...###


You could see a two-headed ogre, an orc warrior, a wyvern, a jelly and an orc
wizard.

Vanquished Creatures
  Pikel (D:7)
  3 yaks (D:8)
  2 steam dragons
  A water moccasin (D:6)
  2 black bears (D:5)
  3 sky beasts
  2 orc warriors
  2 ice beasts
  2 ogres
  A centaur (D:7)
  A phantom (D:7)
  4 bullfrogs
  2 scorpions
  A wight (D:2)
  A bullfrog zombie (D:7)
  2 centaur zombies
  A jelly (D:7)
  2 orc priests
  Natasha (thrice) (D:3)
  3 iguanas
  6 orc wizards
  A hound zombie (D:5)
  A hound skeleton (D:5)
  4 gnolls (D:4)
  3 adders
  A white imp (D:5)
  2 ufetubi
  2 worms
  3 dart slugs
  14 orcs
  2 ball pythons
  2 endoplasms
  3 giant cockroaches
  7 goblins
  7 hobgoblins
  10 jackals
  A quokka (D:4)
  3 bats
  2 frilled lizards
  6 kobolds
  7 rats
126 creatures vanquished.

Vanquished Creatures (others)
  3 fungi (D:2)
  A plant (D:6)
4 creatures vanquished.

Grand Total: 130 creatures vanquished

Notes
Turn   | Place    | Note
-------+----------+-------------------------------------------
     0 | D:1      | Lugonue the Draconian Brigand began the quest for the Orb.
     0 | D:1      | Reached XP level 1. HP: 17/17 MP: 1/1
   115 | D:1      | Reached XP level 2. HP: 20/24 MP: 2/2
   864 | D:2      | Reached skill level 1 in Polearms
   892 | D:2      | Noticed a wight
   946 | D:2      | Killed a wight
   947 | D:2      | Reached skill level 2 in Polearms
   947 | D:2      | Reached XP level 3. HP: 25/29 MP: 3/3
  1023 | D:2      | Reached XP level 4. HP: 31/36 MP: 4/4
  1351 | D:2      | Found a faded altar of an unknown god.
  1372 | D:2      | Became a worshipper of Trog the Wrathful
  1372 | D:2      | Reached * piety under Trog
  1439 | D:3      | Found a sacrificial altar of Ru.
  1439 | D:3      | Found a hide-covered altar of Uskayaw.
  1577 | D:3      | Reached skill level 3 in Polearms
  1691 | D:3      | Noticed Natasha
  1698 | D:3      | Killed Natasha
  1855 | D:3      | Noticed Natasha
  1866 | D:3      | Killed Natasha
  1867 | D:3      | Reached skill level 4 in Polearms
  1867 | D:3      | Reached XP level 5. HP: 31/41 MP: 5/5
  2330 | D:3      | Noticed Natasha
  2344 | D:3      | Killed Natasha
  2345 | D:3      | Reached skill level 5 in Polearms
  2686 | D:4      | Noticed an ogre
  2691 | D:4      | Killed an ogre
  2692 | D:4      | Reached XP level 6. HP: 48/48 MP: 6/6
  2744 | D:4      | Reached ** piety under Trog
  2745 | D:4      | Reached skill level 6 in Polearms
  3121 | D:4      | Your scales start taking on a dull iron-grey colour.
  3121 | D:4      | Reached XP level 7. HP: 28/55 MP: 7/7
  3121 | D:4      | Gained mutation: You can survive without breathing. [Grey
                  | Draconian growth]
  3121 | D:4      | Gained mutation: You can survive without breathing, even
                  | under water. [Grey Draconian growth]
  3335 | D:4      | Found an iron altar of Okawaru.
  3358 | D:4      | Found Gaxoismu's Assorted Antiques.
  3359 | D:4      | Noticed a steam dragon
  3397 | D:4      | Killed a steam dragon
  3398 | D:4      | Reached skill level 7 in Polearms
  3404 | D:4      | Bought a scroll labelled FIPLIO TUFA for 25 gold pieces
  3579 | D:4      | Found Ytebbui's Antique Weapon Shoppe.
  3836 | D:5      | Entered Level 5 of the Dungeon
  3942 | D:5      | Reached skill level 8 in Polearms
  4248 | D:5      | Reached skill level 9 in Polearms
  4248 | D:5      | Reached XP level 8. HP: 55/61 MP: 8/8
  4839 | D:6      | Reached skill level 10 in Polearms
  5072 | D:6      | Reached *** piety under Trog
  5403 | D:6      | Found a runed translucent gate.
  5404 | D:6      | Found a runed translucent gate.
  5405 | D:6      | Found a runed translucent gate.
  5413 | D:6      | Noticed Alarkh's ghost (novice DsTm)
  5651 | D:6      | Identified the ring "Jympua" {rC- rCorr Int+8 Dex+4 Stlth-}
  5871 | D:7      | Reached skill level 11 in Polearms
  5916 | D:7      | Noticed Pikel
  5933 | D:7      | Killed Pikel
  5934 | D:7      | Reached XP level 9. HP: 67/67 MP: 9/9
  5964 | D:7      | Found a bloodstained altar of Trog.
  6249 | D:7      | Found a staircase to the Ecumenical Temple.
  6312 | D:7      | Reached skill level 12 in Polearms
  6312 | D:7      | Reached skill level 1 in Dodging
  7349 | D:8      | Reached skill level 5 in Dodging
  7367 | D:8      | Noticed a two-headed ogre
  7378 | D:8      | Slain by a two-headed ogre

Illustrated notes

Levels and vault maps discovered:
D:1:      dpeg_arrival_rooms_c, layout_basic
D:2:      layout_rooms, shapermc_ecumenical_altar_mp_ritualfount,
          kennysheep_generic_room_7
D:3:      layout_loops_cross, grunt_temple_overflow_open,
          minmay_misc_feat_secret_circle, uniq_natasha
D:4:      layout_basic, okawaru_metal_pillars_3, serial_shops, kennysheep_mini,
          kennysheep_mini_moat, grunt_decor_one_mirror
D:5:      layout_basic, hangedman_decor_growths
D:6:      corexii_shack_village, layout_rooms, gammafunk_ghost_split
D:7:      layout_basic, nicolae_overflow_hidden_temple,
          minmay_temple_entry_poolview, minmay_misc_feat_five,
          kennysheep_decorative_pillar, uniq_pikel
D:8:      layout_rooms

Skill      XL: |  1  2  3  4  5  6  7  8  9 |
---------------+----------------------------+-----
Stealth        | 4 |  4.1
Polearms       | 2 4 5 6 9 11 12 | 12.0
Dodging        | 5 |  5.8
Fighting       | |  2.2
Short Blades   | |  2.3
Throwing       | |  1.7

Action                   |  1- 3 |  4- 6 |  7- 9 || total
-------------------------+-------+-------+-------++-------
Melee: Dagger            |    34 |       |       ||    34
       Tailslap          |     4 |    17 |    77 ||    98
       Spear             |    88 |   173 |   585 ||   846
Throw: Dart              |     3 |    10 |       ||    13
Invok: Berserk           |       |     5 |     6 ||    11
       Trog's Hand       |       |       |     9 ||     9
  Use: Potion            |     2 |     1 |     3 ||     6
       Scroll            |       |       |     7 ||     7
 Stab: Sleeping          |     8 |     1 |    11 ||    20
Armor: Skin              |    74 |    35 |   216 ||   325
Dodge: Dodged            |    50 |    73 |   232 ||   355

Table legend: (Time is in decaauts)
 A = Elapsed time spent in this place.
 B = Non-inter-level travel time spent in this place.
 C = Inter-level travel time spent in this place.
 D = Time resting spent in this place.
 E = Time spent auto-exploring this place.
 F = Levels seen in this place.
 G = Mean time per level.
                   A        B        C        D        E       F      G
               +--------+--------+--------+--------+--------+-----+--------+
         Total |   7240 |   7065 |    175 |    526 |   5052 |   8 |  905.0 |
       Dungeon |   7240 |   7065 |    175 |    526 |   5052 |   8 |  905.0 |
               +--------+--------+--------+--------+--------+-----+--------+

Top non-repeatable levels by time:
     D:3: 1304 daAuts
     D:4: 1149 daAuts
     D:7: 1126 daAuts
     D:6: 1042 daAuts
     D:5: 880 daAuts
     D:1: 850 daAuts
     D:2: 572 daAuts
     D:8: 314 daAuts
